 Dungeon Crawl Stone Soup version 0.23.2-33-g5129a83184 (webtiles) character file.

Game seed: 14216367478660374782

456 Destapler the Sneak (level 6, -2/26 HPs)
             Began as a Felid Air Elementalist on July 27, 2019.
             Was a Follower of Dithmenos.
             Killed by divine providence
             ... invoked by an orc priest
              (14 damage)
             ... on level 5 of the Dungeon.
             The game lasted 00:48:12 (6555 turns).

Destapler the Sneak (Felid Air Elementalist)        Turns: 6555, Time: 00:48:15

Health: -2/26      AC:  2    Str:  4    XL:     6   Next: 77%
Magic:  7/11       EV: 20    Int: 17    God:    Dithmenos [*.....]
Gold:   157        SH:  0    Dex: 18    Spells: 10/11 levels left
                                        Lives:  0   Deaths: 1

rFire    + . .     SeeInvis +     - Unarmed
rCold    x . .     Gourm    .   (shield unavailable)
rNeg     . . .     Faith    .   (armour unavailable)
rPois    .         Spirit   .   (helmet unavailable)
rElec    .         Reflect  .   (cloak unavailable)
rCorr    .         Harm     .   (gloves unavailable)
MR       .....                  (boots unavailable)
Stlth    +++++.....             (no amulet)
HPRegen  0.08/turn              c - ring of fire
MPRegen  0.12/turn              (no ring)

@: wreathed by umbra, quick
A: very small, no armour, no weapons or thrown items, stealth, claws 1, fangs 3,
see invisible, carnivore, speed 1, shaggy fur 2, slow metabolism 1, sharp paws
a: Renounce Religion


You were on level 5 of the Dungeon.
You worshipped Dithmenos.
Dithmenos was aware of your devotion.
You were completely stuffed.

You visited 1 branch of the dungeon, and saw 5 of its levels.

You collected 157 gold pieces.

Inventory:

Jewellery
 c - a ring of fire (left paw)
Scrolls
 d - a scroll of immolation
 e - a scroll of remove curse
 f - a scroll of magic mapping {unknown}
 h - a scroll of enchant armour {unknown}
 j - a scroll of amnesia {unknown}
 k - a scroll of identify
 l - a scroll of teleportation
 m - a scroll of blinking {unknown}
Potions
 a - 2 potions of curing
 g - 2 potions of flight {unknown}
Comestibles
 b - 6 rations


   Skills:
 + Level 2.1 Fighting
 + Level 4.5 Dodging
 * Level 6.5 Stealth
 + Level 2.1 Unarmed Combat
 + Level 3.2 Spellcasting
 - Level 2.0 Conjurations
 - Level 3.0 Air Magic


You had 10 spell levels left.
You knew the following spells:

 Your Spells              Type           Power        Failure   Level  Hunger
a - Shock                 Conj/Air       ##..         6%          1    None

Your spell library contained the following spells:

 Spells                   Type           Power        Failure   Level  Hunger
 Swiftness                Chrm/Air       #.......     14%         2    ##.....
 Static Discharge         Conj/Air       ##......     19%         3    ###....
 Airstrike                Air            ##........   45%         4    ####...
 Lightning Bolt           Conj/Air       ##........   86%         5    ######.


Dungeon Overview and Level Annotations

Branches:
Dungeon (5/15)
 Temple: D:4-7

Altars:
Cheibriados
Dithmenos
Uskayaw
Wu Jian

Annotations:
D:5 Sigmund


Innate Abilities, Weirdness & Mutations

You cannot wear armour.
You are incapable of wielding weapons or throwing items.
Your paws allow you to move quietly. (Stealth)
You have sharp claws.
You have razor-sharp teeth.
You have supernaturally acute eyesight. (SInv)
You are carnivorous and can eat meat at any time.
You cover ground quickly.
You are covered in thick fur. (AC +2)
You have a slow metabolism.
Your sharp claws are effective at attacking unaware monsters.


Message History

The centaur is moderately wounded.
The centaur unwields a +0 shortbow.
The centaur closely misses you.
Casting: Shock (safe; 6% risk of failure)
Confirm with . or Enter, or press ? or * to list all spells.
Aiming: Shock (safe; 6% risk of failure)
Press: ? - help, Shift-Dir - straight line, f/p - centaur
Aim: a centaur (moderately wounded, umbra, inner flame)
The zap hits the centaur.
The centaur is heavily wounded.
Your surroundings suddenly seem different.
An orc comes into view. It is wielding a +0 whip.
The orc shouts!
An orc priest comes into view.
It is wielding a +0 hand axe of flaming.
The orc priest shouts!
You hear a shout!
An orc comes into view. It is wielding a +0 falchion.
A sky beast comes into view.
The orc priest calls down the wrath of Beogh upon you.
Beogh smites you!
Ouch! That really hurt!
You die...

#.# ... ..##..
o..... ....## 5
#oo.. ... #...
...(.#..##
.......@.#
##...Y....#
#...........
#..............
..#..#
###............
....@###
.........##...
.......###.........#
...
................#.##
.. ...............


You could see a sky beast (wandering), an orc priest, a crimson imp (wandering)
and 2 orcs.

Vanquished Creatures
  An ogre (D:5)
  A bullfrog (D:5)
  2 scorpions (D:4)
  A bullfrog zombie (D:5)
  A hound (D:3)
  An orc wizard (D:4)
  A worker ant (D:4)
  A hound skeleton (D:4)
  3 adders
  An ooze (D:3)
  An adder zombie (D:3)
  4 worms
  3 dart slugs
  2 leopard geckos (D:3)
  7 orcs
  A ball python (D:1)
  5 giant cockroaches
  6 goblins
  7 hobgoblins
  2 quokkas
  9 bats
  4 frilled lizards
  7 kobolds
  A quokka zombie (D:3)
  7 rats
79 creatures vanquished.

Notes
Turn   | Place    | Note
-------+----------+-------------------------------------------
     0 | D:1      | Destapler the Felid Air Elementalist began the quest for
                  | the Orb.
     0 | D:1      | Reached XP level 1. HP: 7/7 MP: 4/4
   282 | D:1      | Reached skill level 1 in Conjurations
   378 | D:1      | Reached skill level 3 in Stealth
   573 | D:1      | Reached XP level 2. HP: 8/11 MP: 0/6
  1426 | D:2      | Found a shadowy altar of Dithmenos.
  1434 | D:2      | Became a worshipper of Dithmenos the Shadowed
  1714 | D:2      | Reached XP level 3. HP: 14/14 MP: 4/7
  2925 | D:2      | Reached skill level 4 in Stealth
  3636 | D:3      | Found a faded altar of an unknown god.
  3643 | D:3      | Reached * piety under Dithmenos
  3973 | D:3      | Reached XP level 4. HP: 18/18 MP: 8/8
  4229 | D:3      | Slain by a worm
  4230 | D:3      | Reached XP level 3. HP: 0/15 MP: 1/7
  4884 | D:4      | Noticed a scorpion
  4918 | D:4      | Reached skill level 1 in Unarmed Combat
  4918 | D:4      | Reached XP level 4. HP: 18/18 MP: 0/8
  5043 | D:4      | Reached skill level 1 in Fighting
  5043 | D:4      | Reached skill level 5 in Stealth
  5356 | D:4      | Reached XP level 5. HP: 18/22 MP: 5/10
  5792 | D:4      | Found a hide-covered altar of Uskayaw.
  5865 | D:4      | Gained mutation: You are covered in thick fur. (AC +2)
                  | [Felid growth]
  5865 | D:4      | Reached XP level 6. HP: 25/25 MP: 11/11
  6003 | D:4      | Found a snail-covered altar of Cheibriados.
  6043 | D:5      | Entered Level 5 of the Dungeon
  6071 | D:5      | Noticed Sigmund
  6076 | D:5      | Found an ornate altar of the Wu Jian Council.
  6144 | D:5      | Reached skill level 6 in Stealth
  6555 | D:5      | Noticed a sky beast
  6555 | D:5      | Killed from afar by an orc priest

Skill      XL: |  1  2  3  4  5  6 |
---------------+-------------------+-----
Conjurations   | 1 2 |  2.0
Stealth        | 3 4 5 6 |  6.5
Dodging        | 3 4 |  4.5
Air Magic      | 3 |  3.0
Unarmed Combat | 1 2 |  2.1
Fighting       | 1 2 |  2.1
Spellcasting   | 3 |  3.2

Action                   |  1- 3 |  4- 6 || total
-------------------------+-------+-------++-------
Melee: Unarmed           |    80 |    30 ||   110
       Bite              |     2 |     1 ||     3
 Cast: Shock             |   114 |    72 ||   186
  Use: Scroll            |     3 |     2 ||     5
       Potion            |       |     1 ||     1
 Stab: Sleeping          |    23 |     4 ||    27
  Eat: Chunk             |    20 |     4 ||    24
Armor: Skin              |    15 |     6 ||    21
Dodge: Dodged            |   120 |    74 ||   194
